 Dungeon Crawl Stone Soup version 0.31.0-11-ge490571c62 (webtiles) character file.

Game seed: 17761061767642520710

13942 Pooter the Cleaver (level 11, -9/101 HPs)
             Began as a Minotaur Berserker on Feb 3, 2024.
             Was a Priest of Trog.
             Mangled by a blink frog (14 damage)
             ... on level 1 of the Lair of Beasts on Feb 4, 2024.
             The game lasted 01:05:57 (11976 turns).

Pooter the Cleaver (Minotaur Berserker)            Turns: 11976, Time: 01:05:57

Health: -9/101     AC: 16    Str: 30    XL:     11   Next: 82%
Magic:  10/10      EV:  8    Int:  6    God:    Trog [***...]
Gold:   115        SH:  0    Dex: 10    Spells: 10/10 levels left

rFire   . . .        a - +0 battleaxe
rCold   . . .        (shield currently unavailable)
rNeg    . . .        C - +1 plate armour
rPois   .            N - +2 hat
rElec   .            E - +0 cloak
rCorr   .            B - +0 pair of gloves
SInv    .            (no boots)
Will    ++...        H - amulet of regeneration Stlth
                     p - +6 ring of strength
HPRegen 2.16/turn    L - ring of flight
MPRegen 0.12/turn

%: no passive effects
@: lethally poisoned (-9 -> -10), strong-willed, flying, regenerating
A: horns 2, retaliatory headbutt
a: Renounce Religion, Berserk, Trog's Hand


You were on level 1 of the Lair of Beasts.
You worshipped Trog.
Trog was most pleased with you.
You visited 3 branches of the dungeon, and saw 12 of its levels.

You collected 744 gold pieces.
You spent 629 gold pieces at shops.

Inventory:

Hand Weapons
 a - a +0 battleaxe (weapon)
   (You took it off an orc warrior on level 9 of the Dungeon)
 b - a +0 arbalest
   (You took it off a kobold blastminer on level 1 of the Orcish Mines)
 j - a +0 war axe
   (You took it off an orc on level 6 of the Dungeon)
 w - a +1 morningstar of freezing
   (You took it off a wight on level 6 of the Dungeon)
 x - a +0 trident
   (You found it on level 6 of the Dungeon)
Missiles
 i - 4 curare-tipped darts
 y - 7 boomerangs (quivered)
 A - 8 poisoned darts
 Q - 75 stones
Armour
 B - a +0 pair of gloves (worn)
   (You found it on level 9 of the Dungeon)
 C - a +1 plate armour (worn)
   (You took it off an orc warrior on level 7 of the Dungeon)
 E - a +0 cloak (worn)
   (You took it off Maurice on level 8 of the Dungeon)
 N - a +2 hat (worn)
   (You found it on level 1 of the Orcish Mines)
Jewellery
 p - a +6 ring of strength (left hand)
   (You found it on level 5 of the Dungeon)
 G - an amulet of guardian spirit
   (You found it on level 1 of the Dungeon)
 H - an amulet of regeneration (around neck)
   (You bought it in a shop on level 5 of the Dungeon)
 L - a ring of flight (right hand)
   (You bought it in a shop on level 5 of the Dungeon)
Wands
 d - a wand of iceblast (2)
   (You took it off Ijyb on level 5 of the Dungeon)
 D - a wand of digging (6)
   (You found it on level 9 of the Dungeon)
 I - a wand of quicksilver (7)
   (You found it on level 9 of the Dungeon)
 J - a wand of charming (21)
   (You took it off an orc on level 8 of the Dungeon)
Scrolls
 c - 4 scrolls of blinking
 h - 2 scrolls of vulnerability {!r}
 k - 2 scrolls of noise {!r}
 l - a scroll of poison {!r}
 m - 2 scrolls of fear
 t - 5 scrolls of teleportation {@r4}
 F - a scroll of immolation {!r}
 K - 2 scrolls of fog
 M - 2 scrolls of silence
Potions
 e - a potion of haste {unknown}
 f - 2 potions of attraction {unknown}
 g - a potion of might {unknown}
 n - a potion of ambrosia {unknown}
 o - 3 potions of heal wounds {@q2}
 q - 2 potions of lignification {unknown}
 r - 3 potions of enlightenment
 s - 3 potions of curing {@q1}
 u - a potion of mutation {unknown}
 v - 2 potions of resistance {unknown}
 z - a potion of berserk rage {unknown}


   Skills:
 + Level 10.6 Fighting
 * Level 14.5 Axes
 * Level 12.7 Ranged Weapons
 - Level 2.4 Armour
 - Level 2.1 Dodging
 + Level 4.1 Evocations


You had 10 spell levels left.
You didn't know any spells.
Your spell library was empty.

Dungeon Overview and Level Annotations

Branches:
Dungeon (10/15) Zot: 26133  Temple (0/1) D:7            Lair (1/5) D:8 Zot: 5746
    Orc (1/2) D:9 Zot: 4917

Altars:
Ashenzari
Kikubaaqudgha
Makhleb
Ru
Trog
Uskayaw
Wu Jian
Yredelemnul
The Shining One

Shops:
D:5 =   D:6 [

Annotations:
D:4 1 runed translucent door
D:5 2 transporters, hikkokomori's ghost, amateur DEHW


Innate Abilities, Weirdness & Mutations

You have a pair of horns on your head.
You reflexively headbutt those who attack you in melee.


Message History

Trog accepts your kill.
You miss the blink frog. The blink frog hits you! The black mamba bites you.
You barely miss the blink frog. You headbutt the blink frog!
You slash the black mamba! The blink frog hits you.
The black mamba closely misses you.
You are too injured to fight recklessly!
You are too injured to fight recklessly!
You are too injured to fight recklessly!
Your skin crawls.
You feel strong-willed. The black mamba bites you!
The blink frog closely misses you. You furiously retaliate!
You headbutt the blink frog.
The black mamba bites you but does no damage.
The blink frog hits you but does no damage.
You slash the black mamba! You hit the blink frog.
The black mamba bites you but does no damage.
The blink frog hits you but does no damage.
The black mamba completely misses you. You furiously retaliate!
You headbutt the black mamba. You miss the black mamba.
Your headbutt misses the black mamba. You barely miss the blink frog.
The blink frog closely misses you. The black mamba bites you.
You are poisoned.
The black mamba poisons you! The blink frog hits you!
* * * LOW HITPOINT WARNING * * *
The black mamba bites you.
* * * LOW HITPOINT WARNING * * *
You slice the black mamba!!
You kill the black mamba!
Trog accepts your kill.
You hit the blink frog.
You feel very sick. The blink frog hits you!
* * * LOW HITPOINT WARNING * * *
You hit the blink frog.
You feel very sick. The blink frog closely misses you.
You hit the blink frog.
You feel very sick. The blink frog hits you!
* * * LOW HITPOINT WARNING * * *
The blink frog hits you!
* * * LOW HITPOINT WARNING * * *
You closely miss the blink frog. Your headbutt misses the blink frog.
You feel very sick. The blink frog hits you.
* * * LOW HITPOINT WARNING * * *
You miss the blink frog. You headbutt the blink frog!
You feel sick. The blink frog hits you!
You die...

. .=# .... #.#.# #.#
#.#.# #.. #.#.# ## #.#
..$####.## #.. ........
..##.##.. #.#...
......... #F#.#
##..####. #@†.# ##.# ##.
.#.#†#.##### #.# #..
....>.†.#.#...####.###..
.#..#.##...###...)..###.
# ..# ##..#>...........
#.# #...#.#.##...P###
#.. ##.#...####.### ##
##....# #..# #..##.##
##.#


You could see a blink frog.

Vanquished Creatures
  A two-headed ogre (D:10)
  2 deep elf zephyrmancers (Orc:1)
  Maurice (D:8)
  An orc sorcerer (Orc:1)
  Joseph (D:9)
  A black mamba (Lair:1)
  A kobold blastminer (Orc:1)
  A cane toad (Lair:1)
  A komodo dragon (D:7)
  A kobold demonologist (D:10)
  Psyche (D:7)
  3 trolls
  Prince Ribbit (D:9)
  A hornet (D:9)
  2 blink frogs (Lair:1)
  A vampire (D:9)
  3 wyverns
  12 yaks
  3 water moccasins
  Duvessa (D:6)
  2 swamp drakes
  3 ice beasts
  6 orc warriors
  A black bear (D:6)
  3 wolves (Lair:1)
  4 ogres
  2 centaurs (D:9)
  2 phantoms (D:6)
  5 bullfrogs
  The ghost of biznut the Sneak, an amateur SpEn (D:3)
  6 scorpions
  Dowan (D:6)
  6 wights
  12 killer bees
  3 howler monkeys (D:9)
  A crimson imp (Orc:1)
  A jelly (D:7)
  13 orc priests
  3 bombardier beetles (D:5)
  2 gnoll boudas
  8 hounds
  2 sleepcaps
  An iron imp (Orc:1)
  Ijyb (D:5)
  5 iguanas (D:6)
  18 orc wizards
  The ghost of Biggs the Ruffian, a weakling TrBe of Trog (D:4)
  12 gnolls
  8 adders
  2 river rats (D:4)
  A shadow imp (Orc:1)
  2 white imps
  5 ribbon worms
  3 dart slugs
  59 orcs
  7 bats
  8 endoplasms
  4 giant cockroaches
  4 goblins
  7 hobgoblins
  7 kobolds
  5 quokkas
  10 ball pythons
  4 frilled lizards
  2 rats (D:1)
302 creatures vanquished.

Vanquished Creatures (collateral kills)
  2 wights (D:9)
  2 orc priests (D:8)
  An orc wizard (D:8)
5 creatures vanquished.

Vanquished Creatures (others)
  A centaur (D:8)
  An orc priest (Orc:1)
  4 orc wizards (Orc:1)
  6 orcs (Orc:1)
12 creatures vanquished.

Grand Total: 319 creatures vanquished

Notes
Turn   | Place    | Note
-------+----------+-------------------------------------------
     0 | D:1      | Pooter the Minotaur Berserker began the quest for the Orb.
     0 | D:1      | Reached XP level 1. HP: 19/19 MP: 0/0
    18 | D:1      | Found Lonisoll's Magic Scroll Shoppe.
   162 | D:1      | Reached skill level 4 in Axes
   168 | D:1      | Reached XP level 2. HP: 17/27 MP: 1/1
   560 | D:1      | Found a faded altar of an unknown god.
   882 | D:1      | Bought a scroll of identify for 22 gold pieces
   882 | D:1      | Bought a scroll of noise for 11 gold pieces
   923 | D:2      | Reached XP level 3. HP: 33/33 MP: 2/2
   924 | D:2      | Reached skill level 5 in Axes
   924 | D:2      | Reached skill level 1 in Ranged Weapons
   930 | D:2      | Reached XP level 4. HP: 41/41 MP: 3/3
  1087 | D:2      | Reached ** piety under Trog
  1875 | D:3      | Noticed a water moccasin
  1880 | D:3      | Killed a water moccasin
  1881 | D:3      | Reached XP level 5. HP: 47/47 MP: 4/4
  1962 | D:3      | Reached skill level 6 in Axes
  1962 | D:3      | Found a runed translucent door.
  1964 | D:3      | Noticed biznut's ghost (amateur SpEn)
  1980 | D:3      | Killed biznut's ghost
  1981 | D:3      | Reached skill level 5 in Fighting
  1981 | D:3      | Reached XP level 6. HP: 45/56 MP: 3/5
  2052 | D:3      | Identified the +3 dagger of Ashenzari's Generosity {venom,
                  | rC- rN++ Str+2}
  2329 | D:4      | Found a runed translucent door.
  2336 | D:4      | Noticed Biggs's ghost (weakling TrBe)
  2405 | D:4      | Found a runed translucent door.
  2563 | D:4      | Reached *** piety under Trog
  2741 | D:4      | Found an ancient bone altar of Kikubaaqudgha.
  2741 | D:4      | Found a hide-covered altar of Uskayaw.
  2741 | D:4      | Found a burning altar of Makhleb.
  2804 | D:4      | Found a broken altar of Ashenzari.
  2986 | D:4      | Reached skill level 7 in Axes
  2986 | D:4      | Reached XP level 7. HP: 61/61 MP: 6/6
  2998 | D:4      | Killed Biggs's ghost
  3045 | D:5      | Entered Level 5 of the Dungeon
  3067 | D:5      | Reached skill level 5 in Ranged Weapons
  3147 | D:5      | Noticed Ijyb
  3188 | D:5      | Killed Ijyb
  3424 | D:5      | Reached skill level 8 in Axes
  3430 | D:5      | Found a transporter.
  3433 | D:5      | Noticed a hornet
  3434 | D:5      | Noticed hikkokomori's ghost (amateur DEHW)
  3490 | D:5      | Found a transporter.
  3511 | D:5      | Found Utsac's Jewellery Shoppe.
  3734 | D:5      | Reached XP level 8. HP: 70/70 MP: 7/7
  4103 | D:6      | Noticed Dowan
  4115 | D:6      | Killed Dowan
  4300 | D:6      | Found Michael's Dragon-Slaying Spoils.
  4337 | D:6      | Noticed Duvessa
  4343 | D:6      | Killed Duvessa
  4407 | D:6      | Found a glowing golden altar of the Shining One.
  4410 | D:6      | Found a basalt altar of Yredelemnul.
  4414 | D:6      | Found a sacrificial altar of Ru.
  4454 | D:6      | Reached skill level 9 in Axes
  4929 | D:6      | Found a bloodstained altar of Trog.
  4948 | D:6      | Reached XP level 9. HP: 74/79 MP: 8/8
  5029 | D:6      | Reached skill level 10 in Axes
  5757 | D:7      | Found a staircase to the Ecumenical Temple.
  5850 | D:7      | Reached skill level 11 in Axes
  6186 | D:8      | Noticed Maurice
  6591 | D:8      | Reached XP level 10. HP: 90/90 MP: 7/9
  7041 | D:8      | Reached skill level 10 in Ranged Weapons
  7068 | D:7      | Reached skill level 12 in Axes
  7134 | D:8      | Killed Maurice
  7224 | D:8      | Noticed Psyche
  7246 | D:7      | Killed Psyche
  7449 | D:7      | Reached skill level 1 in Evocations
  7560 | D:8      | Found a staircase to the Lair.
  7712 | D:8      | Found an ornate altar of the Wu Jian Council.
  8295 | D:9      | Paralysed by a hornet for 1 turns
  8558 | D:9      | Reached skill level 13 in Axes
  8773 | D:5      | Bought an amulet of regeneration for 300 gold pieces
  8902 | D:9      | Noticed Prince Ribbit
  8920 | D:9      | Killed Prince Ribbit
  9099 | D:9      | Noticed Joseph
  9108 | D:9      | Killed Joseph
  9109 | D:9      | Reached XP level 11. HP: 99/99 MP: 10/10
  9315 | D:9      | Found a staircase to the Orcish Mines.
  9386 | Orc:1    | Entered Level 1 of the Orcish Mines
  9680 | Orc:1    | Noticed an orc sorcerer
  9689 | Orc:1    | Killed an orc sorcerer
  9715 | Orc:1    | Reached skill level 10 in Fighting
  9855 | Orc:1    | Noticed a deep elf zephyrmancer
  9865 | Orc:1    | Killed a deep elf zephyrmancer
 10109 | Orc:1    | Noticed a deep elf zephyrmancer
 10119 | Orc:1    | Killed a deep elf zephyrmancer
 10714 | D:1      | Bought a scroll of fog for 44 gold pieces
 10714 | D:1      | Bought a scroll of teleportation for 33 gold pieces
 10714 | D:1      | Bought a scroll of fog for 44 gold pieces
 10788 | D:5      | Bought a ring of flight for 175 gold pieces
 10859 | D:10     | Entered Level 10 of the Dungeon
 11120 | D:10     | Reached skill level 14 in Axes
 11273 | D:10     | Noticed a sixfirhy
 11567 | D:10     | Noticed a two-headed ogre
 11574 | D:10     | Killed a two-headed ogre
 11724 | Lair:1   | Entered Level 1 of the Lair of Beasts
 11886 | Lair:1   | Identified the +8 falchion of the Illusory Mice {drain,
                  | rC+}
 11975 | Lair:1   | HP: 5/101 [blink frog (2)]
 11976 | Lair:1   | Mangled by a blink frog

Illustrated notes

Levels and vault maps discovered:
D:1:      grunt_arrival_lava_bath, layout_loops_ring, serial_shops,
          nicolae_shop_tiny_real_fake_doors,
          hellmonk_ecumenical_altar_arch_garden, minmay_hexomino_r4
D:2:      layout_basic, minmay_mini_jars
D:3:      layout_loops_cross, ebering_ghost_reflecting_pool
D:4:      layout_cave_pools, ashenzari_altar_1, gammafunk_temple_overflow_claw,
          ebering_ghost_sewer_f
D:5:      layout_basic, gammafunk_ghost_arena, serial_shops, nicolae_shop_stone,
          uniq_ijyb
D:6:      layout_loops_ring, grunt_temple_overflow_diamond, bloody_trog,
          nicolae_shop_dragon_depot, minmay_bent, uniq_duvessa
D:7:      layout_rooms, temple_green
D:8:      layout_cave_pods, pdpol_wu_jian_five_deadly_venoms, lair_entry_dummy,
          uniq_psyche, uniq_maurice
D:9:      layout_roguey, erik_orc_1, uniq_joseph, uniq_prince_ribbit1
D:10:     layout_long_grid
Lair:1:   layout_loops_ring, serial_bayou_shore_a
Orc:1:    layout_diamond_mine, hangedman_minor_magic

Skill      XL: |  1  2  3  4  5  6  7  8  9 10 11 |
---------------+----------------------------------+-----
Axes           | 4 5 6 7 8 9 11 13 14 | 14.5
Fighting       | 4 5 6 7 8 9 10 | 10.6
Ranged Weapons | 1 3 4 5 7 9 11 12 | 12.7
Evocations     | 2 4 |  4.1
Armour         | |  2.4
Dodging        | |  2.1

Action                     |  1- 3 |  4- 6 |  7- 9 | 10-12 || total
---------------------------+-------+-------+-------+-------++-------
  Melee: Hand axe          |    58 |   139 |   115 |       ||   312
         Headbutt          |     7 |    22 |    46 |    39 ||   114
         Morningstar       |       |       |    70 |       ||    70
         War axe           |       |       |    90 |   103 ||   193
         Battleaxe         |       |       |       |   141 ||   141
         Unarmed           |       |       |       |     9 ||     9
         Punch             |       |       |       |     2 ||     2
   Fire: Sling             |     2 |     5 |    30 |       ||    37
         Orcbow            |       |       |       |    58 ||    58
         Arbalest          |       |       |       |    25 ||    25
  Throw: Stone             |       |     2 |     8 |       ||    10
         Dart              |       |       |       |     3 ||     3
 Invoke: Berserk           |     1 |     3 |    12 |    15 ||    31
         Trog's Hand       |       |     3 |    11 |    23 ||    37
  Evoke: Wand              |       |       |     3 |    14 ||    17
    Use: Scroll            |     1 |     4 |     5 |     6 ||    16
         Potion            |       |       |     1 |     2 ||     3
   Stab: Betrayed ally     |       |       |       |     1 ||     1
 Armour: Animal skin       |     6 |       |       |       ||     6
         Chain mail        |    25 |    93 |   174 |       ||   292
         Plate armour      |       |       |    39 |   277 ||   316
         Skin              |       |       |       |    10 ||    10
  Dodge: Dodged            |    24 |    55 |   103 |   137 ||   319
  Block: Buckler           |     2 |    29 |    32 |       ||    63
